 Dungeon Crawl Stone Soup version 0.27.1 (webtiles) character file.

Game seed: 919242348023613639

19 Thatpatchoflichen the Chopper (level 2, 27/27 HPs)
             Began as a Hill Orc Monk on Aug 21, 2021.
             Quit the game on level 1 of the Dungeon.
             The game lasted 00:03:03 (1042 turns).

Thatpatchoflichen the Chopper (Hill Orc Monk)       Turns: 1042, Time: 00:03:03

Health: 27/27      AC:  2    Str: 13    XL:     2   Next: 75%
Magic:  2/2        EV: 12    Int: 10    God:
Gold:   19         SH:  0    Dex: 13    Spells: 1/1 levels left

rFire    . . .     SeeInvis .   a - +0 hand axe
rCold    . . .     Faith    .   (no shield)
rNeg     . . .     Spirit   .   b - +0 robe
rPois    .         Reflect  .   (no helmet)
rElec    .         Harm     .   (no cloak)
rCorr    .         Rampage  .   (no gloves)
Will     .....                  (no boots)
Stlth    ++........             (no amulet)
HPRegen  0.09/turn              (no ring)
MPRegen  0.08/turn              (no ring)

@: no status effects
A: no striking features
a: no special abilities


You were on level 1 of the Dungeon.
You visited 1 branch of the dungeon, and saw 1 of its levels.

You collected 19 gold pieces.

Inventory:

Hand Weapons
 a - a +0 hand axe (weapon)
Missiles
 h - 16 sling bullets
 i - 35 stones (quivered)
Armour
 b - a +0 robe (worn)
 c - a +0 chain mail
Scrolls
 d - 2 scrolls of identify {unknown}
 e - a scroll of teleportation {unknown}
 f - a scroll of magic mapping {unknown}
 g - a scroll of enchant armour {unknown}
 j - a scroll of enchant weapon {unknown}


   Skills:
 + Level 4.1 Fighting
 + Level 4.7 Axes
 + Level 2.4 Dodging
 + Level 1.5 Stealth


You had one spell level left.
You didn't know any spells.
Your spell library contained the following spells:

 Spells                   Type           Power      Damage    Failure   Level
 Corpse Rot               Necr/Air       N/A        N/A       50%         2
 Dispel Undead            Necr           0%         3d6       98%         4
 Fireball                 Conj/Fire      0%         3d3       100%        5
 Death Channel            Necr           0%         N/A       100%        6
 Starburst                Conj/Fire      0%         6d3       100%        6
 Ignition                 Fire           0%         3d3       100%        8


Dungeon Overview and Level Annotations

Branches:
Dungeon (1/15)

Altars:


Message History

You hit the hobgoblin but do no damage. The hobgoblin barely misses you.
You barely miss the hobgoblin. The hobgoblin barely misses you.
You hit the hobgoblin.
You kill the hobgoblin!
You open the door.
There is an open door here.
i - a stone
i - 2 stones (gained 1)
i - 4 stones (gained 2)
i - 7 stones (gained 3)
i - 8 stones (gained 1)
i - 9 stones (gained 1)
i - 10 stones (gained 1)
i - 14 stones (gained 4)
i - 16 stones (gained 2)
i - 20 stones (gained 4)
i - 21 stones (gained 1)
i - 24 stones (gained 3)
i - 28 stones (gained 4)
i - 30 stones (gained 2)
i - 32 stones (gained 2)
i - 33 stones (gained 1)
i - 34 stones (gained 1)
i - 35 stones (gained 1)
There is an open door here.
Found a stone staircase leading down.
There is a stone staircase leading down here.
Found a hand axe.
You see here a +0 hand axe.
Found 9 gold pieces.
Found a scroll labelled UVUEDGH HISICZU.
You now have 19 gold pieces (gained 9).
j - a scroll labelled UVUEDGH HISICZU
There is a shaft here.
There is an open door here.
You open the door.
Done exploring.
Done exploring.
You aren't carrying any potions.
Are you sure you want to abandon this character and quit the game? (Confirm with "yes".)

.)..# #.# ....# #.#
....# ####.# ##'##
#....# #.######## #.####
##)...#...######.#######
.#.....................#
.#...............#####.#
.#..............@'.....#
.#)..............#######
##......#........#
#......#######..#
##.......รท.......#
.'.....#.#####.###
.#.......#...#.#
.#.##..#.#.###.#
.#.....#...###.#


There were no monsters in sight!

Vanquished Creatures
  A giant cockroach (D:1)
  2 goblins (D:1)
  5 hobgoblins (D:1)
  A quokka (D:1)
  5 bats (D:1)
  A frilled lizard (D:1)
  2 rats (D:1)
17 creatures vanquished.

Vanquished Creatures (others)
  A fungus (D:1)
  2 plants (D:1)
3 creatures vanquished.

Grand Total: 20 creatures vanquished

Notes
Turn   | Place    | Note
-------+----------+-------------------------------------------
     0 | D:1      | Thatpatchoflichen the Hill Orc Monk began the quest for the
                  | Orb.
     0 | D:1      | Reached XP level 1. HP: 19/19 MP: 1/1
   255 | D:1      | Reached XP level 2. HP: 27/27 MP: 2/2
   518 | D:1      | Found a faded altar of an unknown god.
  1042 | D:1      | Quit the game

Illustrated notes

Levels and vault maps discovered:
D:1:      minmay_arrival_shattered_statue, layout_basic,
          shapermc_ecumenical_altar_mp_urbaneastern, hangedman_decor_push

Skill      XL: |  1 |
---------------+----+-----
Fighting       | 4 |  4.1
Axes           | |  4.7
Dodging        | |  2.4
Stealth        | |  1.5

Action                   || total
-------------------------++-------
Melee: Hand axe          ||    63
 Stab: Sleeping          ||     2
Armor: Robe              ||    44
Dodge: Dodged            ||    82
